 Dungeon Crawl Stone Soup version 0.24-a0-769-g368c1644f8 (webtiles) character file.

Game seed: 10887106790925916341, levelgen mode: deterministic

1342 HumanIsDead the Cleaver (level 8, -9/58 HPs)
             Began as a Human Fighter on Oct 6, 2019.
             Was a Believer of Okawaru.
             Mangled by a two-headed ogre
             ... wielding a +0 dire flail
              (21 damage)
             ... on level 9 of the Dungeon.
             The game lasted 00:14:30 (5680 turns).

HumanIsDead the Cleaver (Human Fighter)             Turns: 5680, Time: 00:14:31

Health: -9/58      AC:  6    Str: 18    XL:     8   Next: 93%
Magic:  8/8        EV:  7    Int:  9    God:    Okawaru [**....]
Gold:   226        SH:  9    Dex: 13    Spells: 7/7 levels left

rFire    . . .     SeeInvis .   a - +0 war axe
rCold    . . .     Gourm    .   c - +0 shield
rNeg     . . .     Faith    .   b - +0 scale mail
rPois    .         Spirit   .   (no helmet)
rElec    .         Reflect  .   (no cloak)
rCorr    .         Harm     .   (no gloves)
MR       .....                  (no boots)
Stlth    ..........             u - amulet of the acrobat
HPRegen  0.19/turn              (no ring)
MPRegen  0.11/turn              (no ring)

@: no status effects
A: no striking features
a: Heroism, Renounce Religion


You were on level 9 of the Dungeon.
You worshipped Okawaru.
Okawaru was pleased with you.
You were not hungry.

You visited 1 branch of the dungeon, and saw 7 of its levels.

You collected 226 gold pieces.

Inventory:

Hand Weapons
 a - a +0 war axe (weapon)
 h - a +2 hand axe of freezing
 o - a +0 whip of electrocution
Missiles
 g - 21 poisoned darts (quivered)
Armour
 b - a +0 scale mail (worn)
 c - a +0 shield (worn)
 A - a +0 plate armour
Jewellery
 m - an uncursed ring of resist corrosion
 u - an amulet of the acrobat (around neck)
Scrolls
 e - 2 scrolls of remove curse {unknown}
 j - 2 scrolls of teleportation {unknown}
 k - 3 scrolls of blinking {unknown}
 l - 2 scrolls of random uselessness {unknown}
 n - 2 scrolls of identify
 p - a scroll of immolation {unknown}
 r - a scroll of enchant weapon {unknown}
 v - 3 scrolls of fog {unknown}
 w - a scroll of amnesia {unknown}
 y - a scroll of enchant armour {unknown}
Potions
 d - a potion of might
 i - 5 potions of curing
 q - 2 potions of berserk rage
 s - a potion of mutation
 t - a potion of degeneration {unknown}
 x - 2 potions of heal wounds {unknown}
 z - 3 potions of cancellation {unknown}
Comestibles
 f - 6 rations


   Skills:
 - Level 3.0 Fighting
 * Level 10.4 Axes
 - Level 3.0 Armour
 - Level 3.0 Shields


You had 7 spell levels left.
You didn't know any spells.
Your spell library was empty.

Dungeon Overview and Level Annotations

Branches:
Dungeon (5/15)
 Temple: D:4-7

Altars:
Okawaru

Annotations:
D:2 1 runed translucent door, Crazy Yiuf


Message History

You block the two-headed ogre's attack. The two-headed ogre misses you.
You closely miss the troll. You hit the two-headed ogre.
The two-headed ogre hits you with a +0 dire flail!!
The two-headed ogre hits you with a +0 giant club!
You block the troll's attack. The troll claws you!
* * * LOW HITPOINT WARNING * * *
The troll claws you.
* * * LOW HITPOINT WARNING * * *
The two-headed ogre completely misses you.
The two-headed ogre closely misses you. The troll misses you.
You block the troll's attack. The troll misses you.
The troll completely misses you. The troll claws you!
* * * LOW HITPOINT WARNING * * *
The troll barely misses you.
Found a robe.
Found a stone staircase leading up.
You see here a robe.
There is a stone staircase leading up here.
The two-headed ogre hits you with a +0 dire flail!!
You die...

#######...
#####......####
#...[.........o##
#########......#
##.oo..# ##[...#
##T....# .
#####......#
....#...O......#
.......@####...#
.......## .....#
###.... ....#
##..# .....# ###
.##.#


You could see a two-headed ogre, a troll, an orc warrior and 2 orcs.

Vanquished Creatures
  Grinder (D:3)
  Prince Ribbit (D:5)
  Sigmund (D:3)
  A sky beast (D:5)
  A phantom (D:5)
  A scorpion (D:4)
  A howler monkey (D:4)
  2 crimson imps
  A bullfrog skeleton (D:5)
  A hound (D:2)
  2 orc wizards
  A centaur skeleton (D:4)
  An iguana (D:5)
  A hound skeleton (D:5)
  Robin (D:2)
  7 gnolls
  7 adders
  An ooze (D:1)
  An adder zombie (D:5)
  4 worms
  3 dart slugs
  4 leopard geckos
  9 orcs
  3 ball pythons
  13 bats
  6 giant cockroaches
  21 goblins
  4 hobgoblins
  5 jackals
  7 kobolds
  3 quokkas
  2 frilled lizards
  9 rats
126 creatures vanquished.

Notes
Turn   | Place    | Note
-------+----------+-------------------------------------------
     0 | D:1      | HumanIsDead the Human Fighter began the quest for the Orb.
     0 | D:1      | Reached XP level 1. HP: 18/18 MP: 1/1
    54 | D:1      | Reached XP level 2. HP: 18/24 MP: 2/2
   193 | D:1      | Reached skill level 3 in Axes
   193 | D:1      | Reached XP level 3. HP: 5/29 MP: 3/3
  1057 | D:2      | Noticed Robin
  1070 | D:2      | Reached skill level 4 in Axes
  1070 | D:2      | Reached XP level 4. HP: 29/35 MP: 4/4
  1080 | D:2      | Killed Robin
  1591 | D:2      | Reached XP level 5. HP: 39/41 MP: 5/5
  1655 | D:2      | Reached skill level 5 in Axes
  2013 | D:2      | Found a runed translucent door.
  2015 | D:2      | Noticed Crazy Yiuf
  2384 | D:3      | Found an iron altar of Okawaru.
  2405 | D:3      | Became a worshipper of Warmaster Okawaru
  2409 | D:3      | Noticed Grinder
  2476 | D:3      | Noticed Sigmund
  2511 | D:2      | Reached XP level 6. HP: 15/47 MP: 6/6
  3139 | D:3      | Killed Sigmund
  3139 | D:3      | Reached * piety under Okawaru
  3139 | D:3      | Reached skill level 6 in Axes
  3139 | D:3      | Reached XP level 7. HP: 34/52 MP: 7/7
  3288 | D:3      | Reached skill level 7 in Axes
  3891 | D:3      | Paralysed by Grinder for 3 turns
  3900 | D:3      | Paralysed by Grinder for 6 turns
  3914 | D:3      | Killed Grinder
  3914 | D:3      | Reached ** piety under Okawaru
  3914 | D:3      | Reached skill level 8 in Axes
  4343 | D:3      | Reached XP level 8. HP: 9/58 MP: 8/8
  4931 | D:4      | Reached skill level 9 in Axes
  5016 | D:5      | Entered Level 5 of the Dungeon
  5064 | D:5      | Noticed Prince Ribbit
  5074 | D:5      | Killed Prince Ribbit
  5328 | D:5      | Reached skill level 10 in Axes
  5544 | D:5      | You fall into a shaft and drop 2 floors!
  5579 | D:7      | You fall into a shaft and drop 2 floors!
  5654 | D:9      | Noticed a two-headed ogre
  5655 | D:9      | Noticed a troll
  5680 | D:9      | Mangled by a two-headed ogre

Levels and vault maps discovered:
D:1:      nicolae_arrival_washed_ashore, layout_loops_cross
D:2:      minmay_inner_zag, layout_loops_corners, uniq_robin,
          uniq_crazy_yiuf_cottage
D:3:      layout_rooms, overflow_temple_1_default, uniq_sigmund, uniq_grinder
D:4:      layout_gridville, first_ration
D:5:      layout_loops_cross, temple_fountains, uniq_prince_ribbit1, uniq_edmund
D:7:      layout_basic, serial_bayou_lagoon_a
D:9:      layout_layer_cave, special_room [special_room_orc],
          blue_anna_alchemist [blue_anna_fruit_fields, blue_anna_fruit_fields]

Skill      XL: |  1  2  3  4  5  6  7  8 |
---------------+-------------------------+-----
Axes           | 3 4 5 6 8 10 | 10.4
Fighting       | |  3.0
Armour         | |  3.0
Shields        | |  3.0

Action                   |  1- 3 |  4- 6 |  7- 9 || total
-------------------------+-------+-------+-------++-------
Melee: War axe           |    83 |    17 |   203 ||   303
       Whip              |       |   178 |       ||   178
Throw: Dart              |       |    19 |       ||    19
Invok: Heroism           |       |       |     1 ||     1
  Use: Scroll            |       |     4 |     2 ||     6
       Potion            |       |       |     1 ||     1
  Eat: Chunk             |       |     6 |    10 ||    16
Armor: Scale mail        |    50 |    87 |    59 ||   196
Dodge: Dodged            |    38 |    59 |    52 ||   149
Block: Shield            |    46 |   110 |    97 ||   253

Table legend:
 A = Non-vault XP
 B = Vault XP
 C = Vault XP percentage of total XP
 D = Non-vault monster count
 E = Vault monster count
 F = Vault count percentage of total count
                 A         B        C        D         E       F
            +---------+---------+-------+---------+---------+-------
      Total |    1100 |     818 |  42.6 |     106 |      20 |  15.9
            +---------+---------+-------+---------+---------+-------
        D:1 |      51 |       0 |   0.0 |      18 |       0 |   0.0
        D:2 |     184 |      47 |  20.3 |      36 |      17 |  32.1
        D:3 |     153 |     512 |  77.0 |      26 |       2 |   7.1
        D:4 |     247 |       0 |   0.0 |      10 |       0 |   0.0
        D:5 |     414 |     259 |  38.5 |      11 |       1 |   8.3
        D:7 |      51 |       0 |   0.0 |       5 |       0 |   0.0
            +---------+---------+-------+---------+---------+-------
